 Dungeon Crawl Stone Soup version 0.19-a0-1637-gfc13266 (webtiles) character file.

499 Amnesiac the Prestidigitator (level 6, -6/50 HPs)
             Began as a Deep Dwarf Artificer on Sept 19, 2016.
             Killed by divine providence
             ... invoked by an orc priest
              (8 damage)
             ... on level 4 of the Dungeon.
             The game lasted 00:03:48 (1131 turns).

Amnesiac the Prestidigitator (Deep Dwarf Artificer) Turns: 1131, Time: 00:03:49

Health: -6/50      AC: 11    Str: 15    XL:     6   Next: 94%
Magic:  13/13      EV:  7    Int: 15    God:
Gold:   38         SH:  0    Dex: 15    Spells: 0 memorised, 5 levels left

rFire  . . .     SeeInvis .     u - +2 flail of Defenestration {holy, rPois Int+3}
rCold  . . .     Gourm    .     i - +3 chain mail
rNeg   . . .     Faith    .     (no shield)
rPois  +         Spirit   .     (no helmet)
rElec  .         Dismiss  .     (no cloak)
rCorr  .         Reflect  .     (no gloves)
MR     .....     Harm     .     (no boots)
Stlth  ..........               (no amulet)
                                (no ring)
                                (no ring)

@: non-regenerating
A: damage resistance, recharge devices, sense surroundings 1, slow regeneration
3
a: Device Recharging


You were on level 4 of the Dungeon.
You were not hungry.

You visited 1 branch of the dungeon, and saw 4 of its levels.
You also visited: Sewer.

You collected 38 gold pieces.

Inventory:

Hand Weapons
 l - a +2 hand axe of flaming
 u - the +2 flail of Defenestration (weapon) {holy, rPois Int+3}
   (You found it in a sewer)

   It has been blessed by the Shining One to cause great damage to the undead
   and demons.
   It affects your intelligence (+3).
   It protects you from poison.
Armour
 i - a +3 chain mail (worn)
 q - a troll hide {Purgy}
 v - a +0 buckler
Jewellery
 w - an uncursed ring of protection from fire {unknown}
Wands
 c - a wand of flame (7/48)
 d - a wand of enslavement (15/24)
 e - a wand of random effects (8/48)
 f - a wand of heal wounds (3/9)
Scrolls
 b - 2 scrolls of identify
 j - a scroll of fog
 k - 2 scrolls of recharging {unknown}
 o - a scroll of random uselessness {unknown}
 t - a scroll of teleportation {unknown}
Potions
 a - a potion of heal wounds {unknown}
 p - a potion of agility
 r - 2 potions of degeneration {unknown}
 s - 2 potions of mutation {unknown}
Comestibles
 g - 2 bread rations
 h - 3 fruits
 m - a beef jerky
 n - 2 meat rations


   Skills:
 - Level 0.8 Fighting
   Level 0.8 Short Blades
 - Level 2.1 Dodging
 - Level 1.2 Stealth
 + Level 10.3 Evocations


You had 5 spell levels left.
You didn't know any spells.

Dungeon Overview and Level Annotations

Branches:
Dungeon (4/15)
 Temple: D:4-7

Altars:
Fedhas
Sif Muna


Innate Abilities, Weirdness & Mutations

You are resistant to damage.
You can recharge devices by infusing magical energy.
You passively map a small area around you.
You do not regenerate.


Message History

The orc priest hits you but does no damage.
The orc wizard barely misses you.
Items here: ) = [ † a hand axe of flaming; a chain mail; a large ivory ring; an orc corpse
l - a hand axe of flaming;
w - a large ivory ring The orc wizard hits you with a dagger of speed.
* * * LOW HITPOINT WARNING * * *
The orc priest casts a cantrip, but nothing happens.
The orc wizard hits you but does no damage.
The orc priest hits you but does no damage.
The orc wizard hits you but does no damage.
The orc hits you but does no damage.
The orc wizard looks encouraged for a moment.
There is a stone staircase leading up here.
The orc wizard casts a spell at you. The puff of flame hits you!
* * * LOW HITPOINT WARNING * * *
The orc priest calls down the wrath of Beogh upon you.
Beogh smites you!
You die...

* * , ..... ...
......#*.... #
.......#... .#
,..........,.### ,
.......#. ....## ,, *
,,,#.....##.....#####
* * #.........# #..# *
#oooo....#* #..#
##@...##.# #..## # ,
** #.#####.## ##..###
, ...####.# ##...##
##..## ,
*#.....###.....##
#..## ,
###..#.........###....
##.............#.#..
*#.....##..####....##
, , **#.......#..#
##.#### ...........##
##.# #


You could see 2 orc priests, an orc wizard and an orc.

Vanquished Creatures
  Grinder (D:4)
  Menkaure (D:4)
  A scorpion (Sewer)
  A howler monkey (D:4)
  An orc wizard (D:3)
  A worker ant (D:4)
  An adder (D:3)
  An ooze (D:4)
  A worm (D:3)
  A dart slug (D:1)
  2 orcs (D:4)
  3 giant cockroaches
  A goblin (D:3)
  2 hobgoblins
  2 jackals (D:1)
  5 kobolds
  2 bats
  A frilled lizard (Sewer)
  2 rats
30 creatures vanquished.

Notes
Turn   | Place    | Note
-------+----------+-------------------------------------------
     0 | D:1      | Amnesiac the Deep Dwarf Artificer began the quest for the Orb.
     0 | D:1      | Reached XP level 1. HP: 16/16 MP: 3/3
   147 | D:1      | Reached XP level 2. HP: 19/24 MP: 5/5
   190 | D:2      | Found a blossoming altar of Fedhas.
   247 | D:3      | Reached skill level 5 in Evocations
   331 | D:4      | Noticed Menkaure
   349 | D:3      | Reached XP level 3. HP: 16/30 MP: 7/7
   357 | D:3      | Found a deep blue altar of Sif Muna.
   397 | D:3      | Reached skill level 6 in Evocations
   672 | D:4      | Killed Menkaure
   672 | D:4      | Reached skill level 8 in Evocations
   672 | D:4      | Reached XP level 4. HP: 15/37 MP: 8/10
   672 | D:4      | Reached XP level 5. HP: 18/43 MP: 8/11
   695 | D:4      | Found a glowing drain.
   699 | Sewer    | Entered a sewer
   752 | Sewer    | Noticed Purgy
   760 | Sewer    | Noticed Purgy
   760 | Sewer    | Purgy changed into Purgy the scorpion
   780 | Sewer    | Killed Purgy the scorpion
   871 | Sewer    | Got a bone flail
   887 | D:4      | Identified the +2 flail of Defenestration {holy, rPois Int+3} (You found it in a sewer)
   929 | D:4      | Noticed Grinder
   935 | D:4      | Reached XP level 6. HP: 19/50 MP: 12/12
   944 | D:4      | Killed Grinder
   944 | D:4      | Reached skill level 10 in Evocations
  1131 | D:4      | HP: 2/50 [orc wizard/puff of flame (10)]
  1131 | D:4      | Killed from afar by an orc priest

Vault maps used:
D:1:      dpeg_arrival_another_circle
D:2:      nicolae_overflow_hidden_temple, lemuel_crystal_altar, first_bread,
          grunt_decor_cap, xom_redecorated, uniq_robin, uniq_terence, uniq_iyjb
D:3:      nicolae_dithmenos_through_a_glass_darkly, tgw_sif, serial_park_tiny_2
D:4:      kennysheep_mini_moat, portal_sewer_entry_e, uniq_eustachio,
          uniq_pikel, uniq_menkaure, uniq_grinder
Sewer:    kennysheep_door_sewer

Skill      XL: |  1  2  3  4  5  6 |
---------------+-------------------+-----
Evocations     | 5 8 10 | 10.3
Fighting       | |  0.8
Short Blades   | |  0.8
Dodging        | |  2.1
Stealth        | |  1.2

Action                   |  1- 3 |  4- 6 || total
-------------------------+-------+-------++-------
Melee: Short sword       |    46 |       ||    46
       Mace              |    41 |    39 ||    80
       Flail             |       |    17 ||    17
Evoke: Wand              |    10 |     7 ||    17
  Use: Potion            |     3 |     1 ||     4
       Scroll            |       |     1 ||     1
  Eat: Chunk             |       |     1 ||     1
Armor: Scale mail        |    46 |       ||    46
       Chain mail        |       |    35 ||    35
Dodge: Dodged            |    56 |    30 ||    86
